 Dungeon Crawl Stone Soup version 0.26-a0-1026-g544776af23 (webtiles) character file.

Game seed: 2715700357230909766

22833 dolemite99 the Fighter (level 13, -21/116 HPs)
             Began as a Ghoul Monk on Dec 10, 2020.
             Was an Elder of Ashenzari.
             Demolished by a boulder beetle (28 damage)
             ... on level 3 of the Lair of Beasts.
             The game lasted 00:33:14 (22519 turns).

dolemite99 the Fighter (Ghoul Monk)                Turns: 22519, Time: 00:33:15

Health: -21/116    AC: 21    Str: 26    XL:     13   Next: 2%
Magic:  12/12      EV:  9    Int:  8    God:    Ashenzari [****..]
Gold:   436        SH:  5    Dex: 11    Spells: 12/12 levels left

rFire    . . .     SeeInvis +     - Unarmed
rCold    + . .     Faith    .   (no shield)
rNeg     + + +     Spirit   .   I - +0 plate armour (curse)
rPois    ∞         Reflect  +   A - +1 hat {Int+3} (curse)
rElec    .         Harm     .   (no cloak)
rCorr    .         Rampage  .   p - +1 pair of gloves (curse)
Will     +....     Clarity  +   v - +1 pair of boots (curse)
Stlth    ..........             O - amulet of reflection
HPRegen  0.00/turn              h - +6 ring of strength (curse) {=R}
MPRegen  0.13/turn              x - ring of willpower

@: no status effects
A: rotting body, claws 1, cold resistance 1, negative energy resistance 3,
inhibited regeneration, torment resistance, unbreathing
a: Curse Item, Scrying, Renounce Religion


You were on level 3 of the Lair of Beasts.
You worshipped Ashenzari.
Ashenzari was greatly pleased with you.
You visited 3 branches of the dungeon, and saw 15 of its levels.
You also visited: Sewer.

You collected 684 gold pieces.
You spent 248 gold pieces at shops.

Inventory:

Hand Weapons
 a - a +5 hunting sling
 H - the +9 staff of Olgreb {rPois∞}
   (You found it on level 5 of the Dungeon)

   It grants immunity to poison.
Missiles
 g - 2 atropa-tipped darts
 i - 175 arrows
 k - 224 stones (quivered ammo)
 l - 49 bolts
 q - 95 poisoned darts
 r - 52 sling bullets
 y - 12 boomerangs
Armour
 p - a cursed +1 pair of gloves (worn)
 v - a cursed +1 pair of boots (worn)
 A - a cursed +1 hat of intelligence (worn)
 I - a cursed +0 plate armour (worn)
Magical Staves
 J - a cursed staff of air
Jewellery
 d - an uncursed ring of ice
 h - a cursed +6 ring of strength (left hand) {=R}
 j - an uncursed ring of ice
 x - a ring of willpower (right hand)
 K - an uncursed ring of magical power
 O - an amulet of reflection (around neck)
 P - an uncursed ring of willpower
Wands
 m - a wand of flame (14)
 w - a wand of digging (3)
 F - a wand of paralysis (4)
 G - a wand of random effects (24)
 L - a wand of enslavement (18)
Scrolls
 b - 7 scrolls of magic mapping
 c - a scroll of fear
 n - 4 scrolls of teleportation
 o - a scroll of blinking
 C - 3 scrolls of fog
 D - 4 scrolls of remove curse {@r2}
Potions
 f - a potion of flight
 s - 6 potions of curing
 t - 4 potions of brilliance
 u - a potion of magic
 z - 4 potions of attraction {unknown}
 B - 2 potions of berserk rage {unknown}
 E - a potion of resistance
 M - a potion of mutation
 N - a potion of invisibility {unknown}
Miscellaneous
 e - a lightning rod (4/4)


   Skills:
 + Level 11.6 Fighting
 - Level 5.0 Slings
 + Level 7.8(11.3) Armour
 - Level 2.9 Dodging
 - Level 2.7 Stealth
 + Level 11.2 Unarmed Combat
 - Level 11.2 Evocations


You had 12 spell levels left.
You didn't know any spells.
Your spell library contained the following spells:

 Spells                   Type           Power        Failure   Level
 Bolt of Magma            Conj/Fire/Erth #.........   100%        5
 Iskenderun's Battlesphe  Conj           #.......     100%        5
 Iron Shot                Conj/Erth      #.........   100%        6
 Orb of Destruction       Conj           #.........   100%        7
 Spellforged Servitor     Conj/Summ      #.........   100%        7


Dungeon Overview and Level Annotations

Branches:
Dungeon (11/15)            Temple (1/1) D:6            Lair (3/6) D:8
 Shoals (0/4) Lair:2        Sewer (visited)
  Snake: Lair:2-4    Spider: Lair:2-4       Orc: D:9-12

Altars:
Ashenzari
Cheibriados
Dithmenos
Elyvilon
Fedhas
Gozag
Hepliaklqana
Kikubaaqudgha
Makhleb
Nemelex Xobeh
Okawaru
Qazlal
Ru
Sif Muna
Trog
Uskayaw
Vehumet
Wu Jian
Xom
Yredelemnul
Zin
The Shining One

Shops:
D:4 *   D:5 *   D:7 [

Portals:
Trove: D:10 (give 3 potions of resistance)

Annotations:
D:5 1 runed translucent door
D:8 2 transporters
D:10 Snorg
Lair:2 exclusion: downstairs
Lair:3 exclusion: 2 oklob plants


Innate Abilities, Weirdness & Mutations

Your body is rotting away.
You thrive by killing the living.
You are immune to poison.
You have sharp fingernails.
Your flesh is cold resistant. (rC+)
You are immune to negative energy. (rN+++)
You do not regenerate when monsters are visible.
You are immune to unholy pain and torment.
You can survive without breathing.


Message History

You block the boulder beetle's attack.
You hit the boulder beetle but do no damage.
The boulder beetle is heavily wounded.
A naga comes into view. It is wielding a +0 flail.
The naga shouts!
You hit the boulder beetle but do no damage.
The boulder beetle is heavily wounded.
The boulder beetle bites you!
You barely miss the boulder beetle.
The boulder beetle is heavily wounded.
The boulder beetle closely misses you.
The boulder beetle curls into a ball and begins rolling!
The boulder beetle hits you!!!
* * * LOW HITPOINT WARNING * * *
The boulder beetle stops rolling and uncurls.
You feel better. The boulder beetle bites you!
* * * LOW HITPOINT WARNING * * *
The boulder beetle curls into a ball and begins rolling!
The boulder beetle hits you!!
You die...

##.#############.###.
###..##.P##P.#.........
#.#................#...
*#.†.................?<
#..#.###.........#.#..
#..####..##........#..
#..#####.##......^.#(>
###..##.#...............
####.#...B@................
#......°○.........###...#..
#.)...°#[......)#.###......
##..#......#....#.#....##..
#.÷.#..#.>###.#.#.#.....##.
##)..#..#.#####.....##..##.
#..###.N..###......##.....
##.#.###.......#..#......#.
#...###....####.#.......###


You could see a boulder beetle and a naga.

Vanquished Creatures
  Fannar (D:10)
  3 hydras
  Erica (D:9)
  A two-headed ogre (D:8)
  An orc sorcerer (D:9)
  An ugly thing (D:10)
  A manticore (D:11)
  4 elephants
  Psyche (D:8)
  2 black mambas (Lair:3)
  A gargoyle (D:10)
  3 cane toads
  3 rime drakes
  6 komodo dragons
  A hornet (D:10)
  Prince Ribbit (D:8)
  3 blink frogs (Lair:3)
  4 wyverns
  6 yaks (D:8)
  2 basilisks
  Edmund (D:5)
  2 nagas (Lair:3)
  6 soldier ants (D:5)
  13 water moccasins
  3 orc warriors
  4 sky beasts
  An ice beast (D:6)
  6 black bears
  2 phantoms
  7 ogres
  4 centaurs
  7 big kobolds
  A wyvern zombie (D:10)
  15 bullfrogs
  A water moccasin zombie (D:7)
  A wyvern skeleton (D:9)
  8 scorpions
  9 killer bees (D:5)
  5 wights (D:9)
  A howler monkey (D:4)
  5 electric eels
  2 centaur zombies
  5 hounds
  A quasit (D:7)
  A bullfrog skeleton (D:9)
  4 jellies
  6 orc wizards
  4 orc priests
  Jessica (D:3)
  3 centaur skeletons
  2 iguanas
  5 hell rats
  12 worker ants
  A killer bee zombie (D:7)
  A hound zombie (D:5)
  A hound skeleton (D:4)
  A howler monkey zombie (D:6)
  3 gnolls (D:5)
  A howler monkey skeleton (D:4)
  19 adders
  3 river rats (Sewer)
  A shadow imp (D:6)
  4 white imps
  5 ufetubi
  2 oozes
  An adder zombie (D:8)
  3 adder skeletons
  4 worms
  4 dart slugs
  8 leopard geckos
  32 orcs
  5 ball pythons
  2 bats
  6 giant cockroaches
  2 goblins
  8 hobgoblins
  6 jackals
  39 kobolds
  7 quokkas
  A frilled lizard (Sewer)
  A leopard gecko skeleton (D:5)
  A leopard gecko zombie (D:6)
  26 rats
392 creatures vanquished.

Vanquished Creatures (others)
  2 orcs (D:9)
  A bush (Lair:3)
  75 fungi
  82 plants
160 creatures vanquished.

Grand Total: 552 creatures vanquished

Notes
Turn   | Place    | Note
-------+----------+-------------------------------------------
     0 | D:1      | dolemite99 the Ghoul Monk began the quest for the Orb.
     0 | D:1      | Reached XP level 1. HP: 19/19 MP: 0/0
   170 | D:1      | Reached XP level 2. HP: 22/26 MP: 1/1
   942 | D:2      | Reached XP level 3. HP: 31/31 MP: 2/2
  1518 | D:2      | Found a broken altar of Ashenzari.
  1536 | D:2      | Became a worshipper of Ashenzari the Shackled
  1536 | D:2      | Reached * piety under Ashenzari
  1536 | D:2      | Reached ** piety under Ashenzari
  2085 | D:3      | Reached XP level 4. HP: 38/38 MP: 3/3
  2219 | D:3      | Noticed Jessica
  2246 | D:3      | Killed Jessica
  2247 | D:3      | Reached skill level 5 in Unarmed Combat
  2416 | D:3      | Found a glowing drain.
  2428 | Sewer    | Entered a sewer
  2503 | Sewer    | Noticed a big kobold
  2523 | Sewer    | Killed a big kobold
  2524 | Sewer    | Reached XP level 5. HP: 41/45 MP: 4/4
  2961 | Sewer    | Noticed a big kobold
  2980 | Sewer    | Killed a big kobold
  2981 | Sewer    | Reached XP level 6. HP: 51/51 MP: 5/5
  3583 | Sewer    | Reached XP level 7. HP: 38/57 MP: 6/6
  4827 | D:4      | Found Wiceom's Assorted Antiques.
  4846 | D:4      | Bought a scroll labelled ODA ITOVAQ DUDD for 32 gold pieces
  4846 | D:4      | Bought a scroll of remove curse for 96 gold pieces
  4890 | D:4      | Reached XP level 8. HP: 59/63 MP: 7/7
  5357 | D:5      | Entered Level 5 of the Dungeon
  5454 | D:5      | Reached skill level 10 in Unarmed Combat
  6158 | D:5      | Noticed Edmund
  6178 | D:5      | Killed Edmund
  6465 | D:5      | Found a runed translucent door.
  6466 | D:5      | Found a runed translucent gate.
  6467 | D:5      | Found a runed translucent gate.
  6492 | D:5      | Found a runed translucent gate.
  6500 | D:5      | Found a runed translucent door.
  6511 | D:5      | Found the +9 staff of Olgreb {rPois∞}
  6613 | D:5      | Reached skill level 5 in Armour
  6613 | D:5      | Reached XP level 9. HP: 33/70 MP: 8/8
  7223 | D:5      | Reached skill level 5 in Fighting
  7764 | D:5      | Found Hoxaakotz's General Store.
  7778 | D:5      | Bought a scroll of teleportation for 45 gold pieces
  7778 | D:5      | Bought a scroll of identify for 30 gold pieces
  7778 | D:5      | Bought a scroll of remove curse for 45 gold pieces
  7904 | D:5      | Reached *** piety under Ashenzari
  8483 | D:5      | Reached skill level 1 in Slings
  8783 | D:6      | Found a staircase to the Ecumenical Temple.
  8805 | Temple   | Entered the Ecumenical Temple
  9192 | D:6      | Reached XP level 10. HP: 81/83 MP: 9/9
  9901 | D:7      | Found a sparkling altar of Nemelex Xobeh.
  9956 | D:7      | Found Gicwoy's Armour Boutique.
 10284 | D:7      | Reached skill level 5 in Slings
 10325 | D:7      | Reached skill level 1 in Evocations
 10394 | D:7      | Reached **** piety under Ashenzari
 10925 | D:8      | Noticed a two-headed ogre
 10926 | D:8      | Found a basalt altar of Yredelemnul.
 10926 | D:8      | Found an ancient bone altar of Kikubaaqudgha.
 10926 | D:8      | Noticed Psyche
 10938 | D:8      | Killed a two-headed ogre
 10951 | D:8      | Killed Psyche
 10952 | D:8      | Reached skill level 5 in Evocations
 10955 | D:8      | Noticed a death knight
 11207 | D:8      | Noticed a death knight
 11208 | D:8      | Found a transporter.
 11219 | D:8      | Found a transporter.
 11494 | D:8      | Noticed Prince Ribbit
 11506 | D:8      | Killed Prince Ribbit
 11507 | D:8      | Reached XP level 11. HP: 80/89 MP: 10/10
 11747 | D:8      | Found a staircase to the Lair.
 12426 | D:9      | Noticed Erica
 12431 | D:9      | Killed Erica
 13139 | D:9      | Noticed an orc sorcerer
 13160 | D:9      | Killed an orc sorcerer
 13765 | D:10     | Entered Level 10 of the Dungeon
 13993 | D:10     | Noticed a cyan ugly thing
 14008 | D:10     | Killed a cyan ugly thing
 14265 | D:10     | Identified the +0 robe of Watchfulness {MP+9}
 14564 | D:10     | Reached skill level 10 in Evocations
 14574 | D:10     | Noticed Fannar
 14604 | D:10     | Killed Fannar
 15099 | D:10     | Noticed Snorg
 15535 | D:11     | Noticed a manticore
 15541 | D:11     | Killed a manticore
 15793 | D:10     | Found a portal to a secret trove of treasure.
 15874 | Lair:1   | Entered Level 1 of the Lair of Beasts
 16063 | D:8      | Reached XP level 12. HP: 78/96 MP: 11/11
 17562 | Lair:1   | Noticed a five-headed hydra
 17574 | Lair:1   | Killed a five-headed hydra
 17667 | Lair:1   | Noticed a six-headed hydra
 17680 | Lair:1   | Killed a six-headed hydra
 18643 | Lair:2   | Noticed a five-headed hydra
 18665 | Lair:2   | Killed a five-headed hydra
 18844 | Lair:2   | Found a staircase to the Shoals.
 19282 | Lair:3   | Identified the +1 leather armour of Hairiness {rC- Str+2
                  | Dex+5 Slay+3}
 19328 | Lair:3   | Reached skill level 10 in Fighting
 19895 | Lair:3   | Noticed a boulder beetle
 19897 | Lair:3   | Reached ***** piety under Ashenzari
 22337 | Lair:3   | Reached XP level 13. HP: 109/116 MP: 12/12
 22519 | Lair:3   | Demolished by a boulder beetle

Illustrated notes

Levels and vault maps discovered:
D:1:      saegor_arrival_simple_e, layout_loops_ring
D:2:      layout_basic, ashenzari_altar_1
D:3:      layout_loops_cross, cheibrodos_sewer_entry_bend, uniq_jessica
D:4:      layout_gridville, serial_shops, nicolae_shop_overgrown_old_shop
D:5:      layout_basic, serial_shops, shop,
          minmay_guarded_unrand_staff_of_olgreb, uniq_edmund
D:6:      layout_rooms, minmay_temple_entry_waves
D:7:      layout_cave_pods, serial_shops, shop, nemelex_lonely_heart_becter
D:8:      layout_basic, gammafunk_temple_of_torment,
          due_lair_maze_entry_diamond, uniq_prince_ribbit1, uniq_psyche
D:9:      cheibrodos_wizards_tower, layout_rooms, roderic_roman_lattice,
          kennysheep_generic_room_7, uniq_erica
D:10:     layout_long_grid, enter_trove_3, uniq_snorg, uniq_fannar
D:11:     layout_basic, david_orc_3
Temple:   regret_index_temple_chain_breaker
Lair:1:   layout_cave_shapes, portal_ice_cave_entry_pillars_1,
          grunt_megastairs_4
Lair:2:   layout_chaotic_city, elwin_shoals_entry_rocks
Lair:3:   cheibrodos_lair_river_kwai, layout_loops_ring,
          guppyfry_snake_entry_island, beast_lair_carwin_4,
          minmay_lair_oklob_chamber

Skill      XL: |  1  2  3  4  5  6  7  8  9 10 11 12 |
---------------+-------------------------------------+-----
Unarmed Combat | 4 6 7 8 9 10 11 | 11.2
Armour         | 5 7 |  7.8
Fighting       | 6 11 | 11.6
Slings         | 2 5 |  5.0
Evocations     | 6 11 | 11.2
Dodging        | |  2.9
Stealth        | |  2.7

Action                   |  1- 3 |  4- 6 |  7- 9 | 10-12 | 13-15 || total
-------------------------+-------+-------+-------+-------+-------++-------
Melee: Unarmed           |   117 |   186 |   378 |   569 |    14 ||  1264
       Punch             |     4 |     6 |    13 |    25 |       ||    48
 Fire: Hunting sling     |       |       |    63 |   692 |    13 ||   768
       Shortbow          |       |       |    10 |       |       ||    10
Throw: Stone             |    41 |    38 |    13 |     9 |     2 ||   103
       Throwing net      |       |       |       |     1 |       ||     1
Invok: Curse Item        |     2 |       |     1 |     3 |       ||     6
Evoke: Wand              |       |       |       |    39 |       ||    39
  Use: Scroll            |       |     7 |     6 |    18 |       ||    31
       Potion            |       |       |     2 |     7 |     1 ||    10
Armor: Robe              |    11 |       |       |       |       ||    11
       Chain mail        |    30 |   127 |   196 |    30 |       ||   383
       Plate armour      |       |       |       |   452 |     3 ||   455
Dodge: Dodged            |    80 |   120 |   155 |   330 |     3 ||   688
Block: Other             |       |       |       |    22 |     2 ||    24

Table legend: (Time is in decaauts)
 A = Elapsed time spent in this place.
 B = Non-inter-level travel time spent in this place.
 C = Inter-level travel time spent in this place.
 D = Time resting spent in this place.
 E = Time spent auto-exploring this place.
 F = Levels seen in this place.
 G = Mean time per level.
                   A        B        C        D        E       F      G
               +--------+--------+--------+--------+--------+-----+--------+
         Total |  22222 |  21866 |    356 |   8501 |   8703 |  16 | 1388.9 |
       Dungeon |  14234 |  13920 |    314 |   4405 |   6181 |  11 | 1294.0 |
        Temple |    151 |    145 |      6 |      0 |    143 |   1 |  151.0 |
          Lair |   6322 |   6287 |     35 |   3342 |   1971 |   3 | 2107.3 |
         Sewer |   1513 |   1513 |      0 |    753 |    408 |   1 | 1513.0 |
               +--------+--------+--------+--------+--------+-----+--------+

Top non-repeatable levels by time:
     D:5: 3207 daAuts
  Lair:1: 2494 daAuts
  Lair:3: 2343 daAuts
    D:10: 1857 daAuts
     D:8: 1655 daAuts
     D:9: 1597 daAuts
   Sewer: 1513 daAuts
  Lair:2: 1485 daAuts
     D:2: 1137 daAuts
     D:7: 1095 daAuts
     D:4: 1045 daAuts
     D:3: 877 daAuts
     D:6: 789 daAuts
     D:1: 767 daAuts
    D:11: 204 daAuts
